[ AOE2 MATCH · #495848621 ]
UnrankedArmenians vs Chinese
Player's team · WIN
Rival team · LOSS
[ REPLAY ANALYSIS · EXTRACTED FROM THE RECORDED GAME ]
Feudal
9:40
Castle
23:07
Imperial
37:42
| APM avg | 48.0 |
| APM peak | 78 |
| eAPM avg | 33.8 |
| Villagers / military | 287 / 1008 |
Focus
⚔️ 50.0% · 🌾 50.0%
Scout Cavalry ×353 · Militia ×256 · Skirmisher ×213 · Composite Bowman ×110 · Knight ×31 · Trebuchet (Packed) ×29
Feudal
9:36
Castle
18:47
Imperial
36:12
| APM avg | 65.7 |
| APM peak | 136 |
| eAPM avg | 50.1 |
| Villagers / military | 199 / 1004 |
Focus
⚔️ 32.1% · 🌾 67.9%
Scout Cavalry ×494 · Fire Lancer ×179 · Skirmisher ×135 · Archer ×124 · Chu Ko Nu ×23 · Trebuchet (Packed) ×18
Match map
Initial resources + every placement click. Lines = walls · curves = elevation contours. ◆ gold · ⬟ stone · ● berries · ✦ relic · ◌ wall gap
Your base· Open — 11t gap
OX | JuDaS's base· Open — 10t gap
Smoothed initial terrain · ◌ = detected wall gap · hover for details
Inputs per minute
— 115slayer - - OX | JuDaS
Build order — 115slayer
First 150 of 1168 actions detected
| 0:03 | Build | Town Center |
| 1:10 | Queue | Villager (Male) |
| 1:11 | Queue | Villager (Male) |
| 1:11 | Queue | Villager (Male) |
| 1:11 | Queue | Villager (Male) |
| 1:12 | Queue | Villager (Male) |
| 1:44 | Build | Mule Cart |
| 2:10 | Queue | Villager (Male) |
| 3:18 | Queue | Villager (Male) |
| 3:18 | Queue | Villager (Male) |
| 3:19 | Queue | Villager (Male) |
| 3:36 | Queue | Villager (Male) |
| 4:04 | Build | Mill |
| 4:08 | Queue | Villager (Male) |
| 4:32 | Queue | Villager (Male) |
| 4:51 | Queue | Villager (Male) |
| 5:24 | Queue | Villager (Male) |
| 5:42 | Build | Mill |
| 6:03 | Queue | Villager (Male) |
| 6:24 | Queue | Villager (Male) |
| 6:30 | Build | House |
| 6:58 | Queue | Villager (Male) |
| 7:30 | Research | Feudal Age |
| 7:30 | Research | Feudal Age |
| 7:38 | Build | Barracks |
| 7:47 | Queue | Villager (Male) |
| 8:50 | Research | Loom |
| 8:55 | Queue | Villager (Male) |
| 9:02 | Queue | Spearman |
| 9:29 | Queue | Villager (Male) |
| 9:40 | Age | Feudal Age |
| 9:45 | Build | Archery Range |
| 9:49 | Research | Double-Bit Axe |
| 10:17 | Build | Archery Range |
| 10:25 | Queue | Archer |
| 10:28 | Queue | Archer |
| 10:31 | Build | House |
| 11:05 | Queue | Villager (Male) |
| 11:30 | Queue | Archer |
| 11:30 | Queue | Archer |
| 11:39 | Build | House |
| 11:48 | Queue | Villager (Male) |
| 11:53 | Build | Blacksmith |
| 12:10 | Queue | Archer |
| 12:10 | Queue | Archer |
| 12:12 | Queue | Villager (Male) |
| 12:41 | Queue | Villager (Male) |
| 12:51 | Queue | Villager (Male) |
| 12:52 | Queue | Archer |
| 12:53 | Build | House |
| 12:55 | Build | Mill |
| 13:19 | Queue | Villager (Male) |
| 13:22 | Research | Fletching |
| 13:32 | Queue | Villager (Male) |
| 13:55 | Queue | Villager (Male) |
| 13:56 | Research | Padded Archer Armor |
| 14:03 | Queue | Villager (Male) |
| 14:16 | Queue | Archer |
| 14:16 | Queue | Villager (Male) |
| 14:17 | Queue | Villager (Male) |
| 14:23 | Build | House |
| 14:30 | Build | Mule Cart |
| 14:39 | Queue | Archer |
| 14:40 | Queue | Archer |
| 14:44 | Build | House |
| 14:45 | Build | House |
| 15:03 | Queue | Villager (Male) |
| 15:08 | Queue | Archer |
| 15:10 | Queue | Villager (Male) |
| 15:15 | Build | Market |
| 15:35 | Queue | Skirmisher |
| 15:35 | Queue | Skirmisher |
| 15:36 | Queue | Skirmisher |
| 15:39 | Build | Stable |
| 16:02 | Build | Stable |
| 16:05 | Queue | Skirmisher |
| 16:05 | Queue | Skirmisher |
| 16:10 | Build | Watch Tower |
| 16:35 | Queue | Villager (Male) |
| 16:40 | Build | Farm |
| 16:40 | Build | Farm |
| 16:41 | Build | Farm |
| 16:41 | Build | Farm |
| 17:08 | Queue | Villager (Male) |
| 17:08 | Queue | Villager (Male) |
| 17:15 | Queue | Scout Cavalry |
| 17:19 | Build | Farm |
| 17:19 | Build | Farm |
| 17:20 | Build | Farm |
| 17:20 | Build | Farm |
| 17:25 | Queue | Skirmisher |
| 17:26 | Queue | Skirmisher |
| 17:29 | Queue | Scout Cavalry |
| 17:30 | Research | Scale Barding Armor |
| 17:49 | Research | Horse Collar |
| 17:57 | Queue | Skirmisher |
| 18:02 | Queue | Skirmisher |
| 18:27 | Build | House |
| 18:28 | Build | House |
| 18:41 | Queue | Scout Cavalry |
| 18:54 | Build | Farm |
| 18:55 | Build | Farm |
| 18:55 | Build | Farm |
| 18:55 | Build | Farm |
| 18:55 | Build | Farm |
| 18:56 | Build | Farm |
| 19:01 | Queue | Scout Cavalry |
| 19:33 | Build | Farm |
| 19:37 | Build | Farm |
| 19:38 | Build | Farm |
| 19:40 | Build | Farm |
| 19:41 | Build | Farm |
| 19:43 | Queue | Villager (Male) |
| 19:47 | Queue | Scout Cavalry |
| 19:47 | Queue | Scout Cavalry |
| 20:27 | Research | Castle Age |
| 20:27 | Research | Castle Age |
| 20:29 | Build | Farm |
| 20:40 | Queue | Scout Cavalry |
| 20:56 | Queue | Scout Cavalry |
| 21:08 | Queue | Villager (Male) |
| 21:22 | Research | Bloodlines |
| 21:43 | Queue | Skirmisher |
| 21:43 | Queue | Skirmisher |
| 21:47 | Queue | Skirmisher |
| 22:31 | Queue | Villager (Male) |
| 22:39 | Queue | Scout Cavalry |
| 23:07 | Age | Castle Age |
| 23:08 | Build | Monastery |
| 23:14 | Research | Bow Saw |
| 23:36 | Build | Town Center |
| 23:41 | Research | Light Cavalry (upgrade) |
| 23:46 | Build | House |
| 24:01 | Research | Elite Skirmisher (upgrade) |
| 24:03 | Queue | Villager (Male) |
| 24:04 | Queue | Villager (Male) |
| 24:25 | Queue | Villager (Male) |
| 24:26 | Queue | Villager (Male) |
| 24:44 | Queue | Villager (Male) |
| 24:45 | Queue | Villager (Male) |
| 24:45 | Queue | Villager (Male) |
| 24:52 | Queue | Villager (Male) |
| 24:56 | Queue | Warrior Priest |
| 25:21 | Build | Town Center |
| 25:25 | Queue | Villager (Male) |
| 25:25 | Queue | Villager (Male) |
| 25:32 | Queue | Warrior Priest |
| 25:50 | Queue | Villager (Male) |
| 25:51 | Queue | Villager (Male) |
| 25:54 | Build | House |
Build order — OX | JuDaS
First 150 of 1569 actions detected
| 0:20 | Build | Town Center |
| 1:26 | Research | Loom |
| 2:14 | Queue | Villager (Male) |
| 2:44 | Queue | Villager (Male) |
| 2:44 | Queue | Villager (Male) |
| 3:09 | Queue | Villager (Male) |
| 3:38 | Queue | Villager (Male) |
| 3:46 | Queue | Villager (Male) |
| 3:46 | Queue | Villager (Male) |
| 4:19 | Build | Mill |
| 4:23 | Queue | Villager (Male) |
| 4:23 | Queue | Villager (Male) |
| 4:45 | Queue | Villager (Male) |
| 4:45 | Queue | Villager (Male) |
| 4:48 | Queue | Villager (Male) |
| 4:48 | Queue | Villager (Male) |
| 4:51 | Build | Lumber Camp |
| 5:32 | Queue | Villager (Male) |
| 5:32 | Queue | Villager (Male) |
| 5:33 | Queue | Villager (Male) |
| 5:33 | Queue | Villager (Male) |
| 6:34 | Queue | Villager (Male) |
| 6:45 | Queue | Villager (Male) |
| 7:26 | Research | Feudal Age |
| 8:06 | Build | Mill |
| 8:28 | Build | Barracks |
| 8:43 | Build | House |
| 9:04 | Queue | Villager (Male) |
| 9:36 | Age | Feudal Age |
| 9:39 | Build | Archery Range |
| 9:42 | Queue | Villager (Male) |
| 10:03 | Queue | Villager (Male) |
| 10:06 | Research | Double-Bit Axe |
| 10:12 | Queue | Villager (Male) |
| 10:15 | Queue | Archer |
| 10:20 | Build | House |
| 10:33 | Queue | Villager (Male) |
| 10:35 | Queue | Archer |
| 10:55 | Queue | Villager (Male) |
| 11:01 | Build | Blacksmith |
| 11:05 | Build | Palisade Wall |
| 11:07 | Build | Palisade Wall |
| 11:10 | Queue | Archer |
| 11:20 | Queue | Archer |
| 11:29 | Build | Farm |
| 11:47 | Build | Mill |
| 11:53 | Research | Fletching |
| 11:53 | Queue | Villager (Male) |
| 12:06 | Queue | Skirmisher |
| 12:13 | Build | House |
| 12:16 | Queue | Villager (Male) |
| 12:20 | Build | Farm |
| 12:22 | Research | Padded Archer Armor |
| 12:34 | Queue | Villager (Male) |
| 12:36 | Queue | Skirmisher |
| 12:56 | Build | Farm |
| 12:59 | Queue | Villager (Male) |
| 13:03 | Build | Farm |
| 13:12 | Queue | Skirmisher |
| 13:26 | Build | Farm |
| 13:28 | Build | House |
| 13:42 | Queue | Skirmisher |
| 13:48 | Queue | Villager (Male) |
| 13:51 | Build | Farm |
| 13:53 | Build | Farm |
| 13:56 | Build | Farm |
| 14:02 | Queue | Archer |
| 14:10 | Queue | Villager (Male) |
| 14:36 | Queue | Villager (Male) |
| 14:41 | Build | Market |
| 15:01 | Queue | Archer |
| 15:07 | Queue | Villager (Male) |
| 15:15 | Build | House |
| 15:42 | Queue | Villager (Male) |
| 16:06 | Research | Castle Age |
| 16:22 | Queue | Skirmisher |
| 16:33 | Queue | Skirmisher |
| 17:10 | Queue | Villager (Male) |
| 17:16 | Queue | Skirmisher |
| 17:17 | Queue | Skirmisher |
| 17:21 | Build | Archery Range |
| 17:45 | Queue | Skirmisher |
| 18:10 | Queue | Skirmisher |
| 18:37 | Build | Farm |
| 18:47 | Age | Castle Age |
| 18:51 | Research | Elite Skirmisher (upgrade) |
| 18:53 | Research | Bodkin Arrow |
| 19:10 | Queue | Skirmisher |
| 19:10 | Queue | Skirmisher |
| 19:20 | Build | Farm |
| 19:20 | Queue | Villager (Male) |
| 19:21 | Queue | Villager (Male) |
| 19:30 | Build | Town Center |
| 19:34 | Queue | Skirmisher |
| 20:13 | Queue | Skirmisher |
| 20:14 | Queue | Skirmisher |
| 20:18 | Queue | Villager (Male) |
| 20:20 | Queue | Villager (Male) |
| 20:21 | Queue | Villager (Male) |
| 20:26 | Build | Lumber Camp |
| 20:50 | Research | Crossbowman (upgrade) |
| 20:55 | Queue | Archer |
| 20:55 | Queue | Archer |
| 21:08 | Build | Farm |
| 21:09 | Queue | Villager (Male) |
| 21:10 | Queue | Villager (Male) |
| 21:26 | Queue | Villager (Male) |
| 21:31 | Queue | Archer |
| 21:32 | Queue | Villager (Male) |
| 21:41 | Build | Town Center |
| 21:49 | Build | House |
| 22:04 | Queue | Archer |
| 22:06 | Queue | Villager (Male) |
| 22:11 | Build | Farm |
| 22:13 | Queue | Villager (Male) |
| 22:14 | Queue | Villager (Male) |
| 22:19 | Build | University |
| 22:26 | Queue | Archer |
| 22:29 | Queue | Villager (Male) |
| 22:34 | Build | Farm |
| 22:36 | Build | Farm |
| 22:49 | Queue | Archer |
| 22:49 | Queue | Archer |
| 23:01 | Queue | Villager (Male) |
| 23:01 | Queue | Villager (Male) |
| 23:03 | Build | Farm |
| 23:03 | Build | Farm |
| 23:13 | Queue | Archer |
| 23:15 | Queue | Villager (Male) |
| 23:15 | Queue | Villager (Male) |
| 23:16 | Queue | Villager (Male) |
| 23:27 | Queue | Villager (Male) |
| 23:29 | Queue | Archer |
| 23:29 | Queue | Archer |
| 23:29 | Queue | Archer |
| 23:42 | Queue | Villager (Male) |
| 23:47 | Build | Farm |
| 23:50 | Queue | Villager (Male) |
| 23:51 | Queue | Villager (Male) |
| 24:05 | Queue | Villager (Male) |
| 24:09 | Research | Ballistics |
| 24:18 | Queue | Villager (Male) |
| 24:22 | Build | Farm |
| 24:23 | Build | Farm |
| 24:30 | Queue | Archer |
| 24:31 | Queue | Archer |
| 24:36 | Queue | Villager (Male) |
| 24:42 | Queue | Villager (Male) |
| 24:57 | Build | Farm |
| 24:57 | Build | Farm |
Match timeline
| 7:38 | 115slayer · first_building Barracks |
| 8:28 | OX | JuDaS · first_building Barracks |
| 9:36 | OX | JuDaS · age_up feudal |
| 9:39 | OX | JuDaS · first_building Archery Range |
| 9:40 | 115slayer · age_up feudal |
| 9:45 | 115slayer · first_building Archery Range |
| 11:05 | OX | JuDaS · wall_segment Palisade Wall x1 |
| 11:07 | OX | JuDaS · wall_segment Palisade Wall x1 |
| 15:39 | 115slayer · first_building Stable |
| 15:47 | OX | JuDaS · first_market_sell 500 wood |
| 15:48 | OX | JuDaS · first_market_buy 100 food |
| 18:47 | OX | JuDaS · age_up castle |
| 20:18 | 115slayer · first_market_buy 100 food |
| 20:20 | 115slayer · first_market_sell 100 wood |
| 23:07 | 115slayer · age_up castle |
| 23:08 | 115slayer · first_building Monastery |
| 26:37 | OX | JuDaS · first_building Stable |
| 29:53 | OX | JuDaS · first_building Castle |
| 30:53 | 115slayer · wall_segment Palisade Wall x1 |
| 31:34 | OX | JuDaS · first_building Siege Workshop |
| 31:43 | 115slayer · first_building Siege Workshop |
| 32:17 | 115slayer · first_building Castle |
| 36:12 | OX | JuDaS · age_up imperial |
| 37:42 | 115slayer · age_up imperial |
| 51:44 | 115slayer · wall_segment Palisade Wall x1 |
| 71:43 | OX | JuDaS · wall_segment Palisade Wall x1 |
| 77:15 | 115slayer · wall_segment Palisade Wall x5 |
| 77:32 | 115slayer · wall_segment Palisade Wall x4 |
| 81:55 | OX | JuDaS · wall_segment Palisade Wall x1 |
| 84:52 | OX | JuDaS · resign |
[ AI ANALYSIS · 1 CREDIT ]
What really happened in this match?
Wolo.gg analyzes every decision: build order, eco, micro, common mistakes by bracket. Personalized analysis on WhatsApp or Discord in 30 seconds.
Civ guide
Armenians
Perfil
Jugador #269466